 Dungeon Crawl Stone Soup version 0.29.1-1-gd02db6906a (webtiles) character file.

Game seed: 16723042553187707562

827 experimilk the Grappler (level 7, -1/62 HPs)
             Began as a Troll Gladiator on Sept 20, 2022.
             Was an Initiate of Hepliaklqana.
             Slain by an acid dragon (3 damage)
             ... on level 5 of the Dungeon.
             The game lasted 00:10:38 (3159 turns).

experimilk the Grappler (Troll Gladiator)           Turns: 3159, Time: 00:10:39

Health: -1/62      AC: -2    Str: 25    XL:     7   Next: 64%
Magic:  6/6        EV: 10    Int: 10    God:    Hepliaklqana [......]
Gold:   128        SH:  0    Dex: 17    Spells: 6/6 levels left

rFire   . . .      SeeInvis .     - Unarmed
rCold   . . .      Faith    .   (no shield)
rNeg    . . .      Spirit   .   k - +0 troll leather armour
rPois   .          Reflect  .   b - +0 hat
rElec   .          Harm     .   (no cloak)
rCorr   .          Rampage  .   (gloves unavailable)
Will    .....                   (boots unavailable)
Stlth   +.........              (no amulet)
HPRegen 1.80/turn               m - +6 ring of dexterity
MPRegen 0.10/turn               p - +6 ring of intelligence

@: corroded
A: large, unfitting armour, claws 3, regeneration 1, shaggy fur 1, tough skin 1
a: Renounce Religion


You were on level 5 of the Dungeon.
You worshipped Hepliaklqana.
Hepliaklqana was noncommittal.
You visited 2 branches of the dungeon, and saw 6 of its levels.

You collected 128 gold pieces.

Inventory:

Missiles
 c - 2 throwing nets
 d - a large rock
 q - 11 stones
 s - 4 javelins (quivered)
Armour
 b - a +0 hat (worn)
 k - a +0 troll leather armour (worn)
Jewellery
 m - a +6 ring of dexterity (left claw)
 p - a +6 ring of intelligence (right claw)
Wands
 t - a wand of iceblast (9)
Scrolls
 e - a scroll of vulnerability
 n - a scroll of enchant armour {unknown}
 r - a scroll of enchant weapon {unknown}
Potions
 a - a potion of might {unknown}
 f - 4 potions of haste
 g - 2 potions of attraction {unknown}
 h - 4 potions of mutation
 i - a potion of resistance {unknown}
 j - 3 potions of curing {unknown}
 l - 2 potions of lignification {unknown}
 o - 2 potions of cancellation {unknown}


   Skills:
 - Level 1.5 Fighting
 + Level 3.0 Throwing
 - Level 2.4 Dodging
 * Level 8.7 Unarmed Combat


You had 6 spell levels left.
You didn't know any spells.
Your spell library was empty.

Dungeon Overview and Level Annotations

Branches:
Dungeon (5/15)             Temple (1/1) D:4

Altars:
Cheibriados
Dithmenos
Elyvilon
Hepliaklqana
Kikubaaqudgha
Qazlal
Trog
Uskayaw
Zin

Shops:
D:3 [   D:4 *


Innate Abilities, Weirdness & Mutations

You are too large for most types of armour.
You have claws for hands.
Your natural rate of healing is unusually fast.
You are covered in fur. (AC +1)
You have tough skin. (AC +1)


Message History

The adder is severely wounded.
The adder misses you.
You scratch the adder.
You kill the adder!
You see here an adder corpse.
A jelly comes into view.
A jelly is nearby!
The jelly quivers.
Found a stone staircase leading down.
You mangle the jelly!!
You kill the jelly!
An acid dragon comes into view.
The acid dragon roars!
The acid dragon spits acid at you. The splash of acid hits you!!
The acid corrodes you!
You barely miss the acid dragon. The acid dragon bites you!
The acid dragon claws you.
You closely miss the acid dragon. The acid dragon spits acid at you.
The splash of acid hits you!!
* * * LOW HITPOINT WARNING * * *
The acid corrodes you!
You scratch the acid dragon.
The acid dragon is lightly wounded.
The acid dragon completely misses you. The acid dragon barely misses you.
You scratch the acid dragon but do no damage.
The acid dragon is lightly wounded.
The acid dragon bites you!
* * * LOW HITPOINT WARNING * * *
The acid dragon claws you.
* * * LOW HITPOINT WARNING * * *
You claw the acid dragon!
The acid dragon is severely wounded.
Unknown command.
You closely miss the acid dragon. Your claw misses the acid dragon.
The acid dragon is severely wounded.
The acid dragon bites you.
* * * LOW HITPOINT WARNING * * *
The acid dragon claws you.
You die...

#.# #.# .># #.#
#######.# ###
#.......# #.#
########
#.......###.#
#......#
#...........# #
#......#
#..D@...###.# .
#......+..........#
#.# .
#......##########.#
#.# . #......##.#
..# #.# .
#.......[.# #.# #.#
.##.........#.# #.#
#.# ..#.......###.#
#.# #†#
...######...#.# .#
#.# #..##
#.###.#####.#
#.#########


You could see an acid dragon (catching breath).

Vanquished Creatures
  A black bear (D:4)
  4 ogres
  A centaur (D:4)
  A phantom (D:4)
  A jelly (D:5)
  A gnoll bouda (D:4)
  An iguana (D:4)
  An orc wizard (D:5)
  4 adders
  3 gnolls (D:4)
  A worm (D:3)
  3 dart slugs
  5 orcs
  5 ball pythons
  4 bats
  4 endoplasms
  7 giant cockroaches
  7 goblins
  6 hobgoblins
  4 jackals (D:4)
  3 quokkas
  A frilled lizard (D:2)
  4 kobolds (D:1)
  5 rats
77 creatures vanquished.

Notes
Turn   | Place    | Note
-------+----------+-------------------------------------------
     0 | D:1      | experimilk the Troll Gladiator began the quest for the Orb.
     0 | D:1      | Reached XP level 1. HP: 19/19 MP: 0/0
    75 | D:1      | Found a faded altar of an unknown god.
   121 | D:1      | Reached XP level 2. HP: 12/27 MP: 1/1
   507 | D:2      | Reached XP level 3. HP: 21/33 MP: 2/2
   750 | D:2      | Reached skill level 4 in Unarmed Combat
  1042 | D:2      | Found a bloodstained altar of Trog.
  1436 | D:3      | Reached XP level 4. HP: 41/41 MP: 3/3
  1461 | D:3      | Found Esigou Juus's Antique Armour Shoppe.
  1535 | D:3      | Identified the +6 scale mail of Adepem {Str+2 Slay+2}
  1896 | D:4      | Noticed a phantom
  1896 | D:4      | Noticed an ogre
  1903 | D:3      | Killed an ogre
  1904 | D:3      | Reached skill level 5 in Unarmed Combat
  1904 | D:3      | Reached XP level 5. HP: 20/48 MP: 4/4
  2269 | D:4      | Found Datwey's Assorted Antiques.
  2337 | D:4      | Found a staircase to the Ecumenical Temple.
  2344 | Temple   | Entered the Ecumenical Temple
  2355 | Temple   | Became a worshipper of Hepliaklqana the Forgotten
  2404 | D:4      | Noticed an ogre
  2412 | D:4      | Killed an ogre
  2413 | D:4      | Reached skill level 6 in Unarmed Combat
  2413 | D:4      | Reached XP level 6. HP: 55/55 MP: 5/5
  2568 | D:4      | Reached skill level 7 in Unarmed Combat
  2681 | D:4      | Reached XP level 7. HP: 51/62 MP: 6/6
  2757 | D:4      | Reached skill level 8 in Unarmed Combat
  2932 | D:5      | Entered Level 5 of the Dungeon
  3157 | D:5      | HP: 1/62 [acid dragon (6)]
  3159 | D:5      | Slain by an acid dragon

Illustrated notes

Levels and vault maps discovered:
D:1:      mushboom_english_gardens, layout_basic,
          shapermc_ecumenical_altar_mp_ritualfount
D:2:      wander_river, layout_rooms, basic_altar
D:3:      layout_rooms, serial_shops, shop, glass_columns_a
D:4:      layout_cave_pools, minmay_temple_entry_arrows,
          nicolae_take_the_stairs, kennysheep_pointless_box, minmay_puff
D:5:      layout_basic, lemuel_crystal_altar, serial_shops, shop_fountains,
          roderic_st_hans_cross
Temple:   hellmonk_temple_micro_hex

Skill      XL: |  1  2  3  4  5  6  7 |
---------------+----------------------+-----
Throwing       | 2 3 |  3.0
Unarmed Combat | 4 5 6 7 8 |  8.7
Fighting       | |  1.5
Dodging        | |  2.4

Action                   |  1- 3 |  4- 6 |  7- 9 || total
-------------------------+-------+-------+-------++-------
Melee: Unarmed           |   100 |    71 |    34 ||   205
       Punch             |     1 |     5 |       ||     6
Throw: Stone             |     1 |     4 |     3 ||     8
       Throwing net      |       |     1 |       ||     1
       Large rock        |       |     1 |     1 ||     2
  Use: Scroll            |     3 |       |     2 ||     5
 Stab: Sleeping          |     3 |     1 |       ||     4
Armor: Robe              |    15 |       |       ||    15
       Troll leather arm |     3 |    17 |    17 ||    37
Dodge: Dodged            |    45 |    23 |    19 ||    87
